Map: 카탈리스트 - 래더

Players

Geralt (Gerald)

  • Race: Protoss Protoss
  • League: Grandmaster
  • Spawn Location: 5:00

lIIllllIIlll (INnoVation) - Winner!

  • Race: Terran Terran
  • League: Master
  • Spawn Location: 11:00

Event: HomeStory Cup XVII

VOD

Have the link to the VOD?

Description

Time

  • Played on: June 29, 2018, 3:06 p.m.
  • Length: 12:28

All games in this series

Show
View Real Time Build Order
Export as new Build Order

Geralt Protoss 

Build Orders: 1 Gate Expand, Blink Stalkers, Chargelot Immortal 

Get SALT Encoding   

  12  0:00  Probe  
  13  0:13  Probe  
  14  0:20  Pylon  
  14  0:25  Probe  
  15  0:34  Probe  
  15  0:39  Gateway  
  15  0:42  Probe  
  16  0:48  Assimilator  
  17  0:53  Probe  
  18  1:05  Probe  
  19  1:17  Probe  
  20  1:24  Nexus  
  20  1:30  Probe  
  21  1:39  Cybernetics Core  
  21  1:45  Assimilator, Probe  
  22  1:52  Pylon  
  22  1:58  Probe  
  23  2:06  Adept  
  23  2:11  Probe  
  26  2:18  Warp Gate  
  26  2:23  Probe  
  26  2:24  Twilight Council  
  26  2:26  Stalker  
  27  2:32  Blink  
  27  2:35  Probe  
  30  2:43  Probe  
  29  2:49  Probe  
  29  2:55  Probe  
  30  3:02  Probe  
  31  3:08  Stalker  
  31  3:09  Probe  
  34  3:15  Probe  
  35  3:23  Probe  
  35  3:24  Gateway  
  36  3:27  Probe  
  37  3:35  Probe  
  37  3:39  Probe  
  39  3:47  Probe  
  38  3:50  Gateway  
  38  3:51  Probe  
  38  3:54  Robotics Facility  
  39  3:59  Assimilator, Probe  
  40  4:02  Pylon  
  40  4:03  Probe  
  43  4:11  Probe  
  43  4:16  Probe  
  43  4:23  Probe  
  44  4:26  Stalker x2  
  44  4:28  Probe  
  49  4:33  Pylon  
  49  4:35  Probe, Observer  
  51  4:46  Nexus, Probe  
  51  4:59  Probe  
  50  5:00  Probe  
  50  5:04  Stalker  
  53  5:07  Observer  
  53  5:08  Stalker  
  53  5:09  Stalker  
  53  5:10  Charge  
  53  5:11  Probe  
  53  5:12  Probe  
  53  5:13  Pylon  
  60  5:23  Forge, Probe  
  60  5:27  Forge  
  61  5:34  Probe  
  61  5:35  Sentry, Zealot  
  66  5:36  Zealot  
  66  5:39  Pylon, Protoss Ground Weapons Level 1  
  66  5:40  Probe  
  69  5:45  Gateway  
  69  5:49  Gateway  
  69  5:50  Protoss Ground Armor Level 1  
  69  6:00  Probe  
  69  6:02  Gateway  
  69  6:03  Probe  
  71  6:06  Probe  
  71  6:07  Immortal  
  72  6:13  Probe  
  72  6:16  Probe  
  78  6:23  Gateway  
  77  6:26  Gateway  
  77  6:27  Probe  
  77  6:28  Probe  
  77  6:36  Sentry, Zealot x2  
  83  6:41  Immortal  
  81  6:50  Probe  
  86  6:57  Pylon  
  86  6:59  Pylon  
  86  7:00  Zealot  
  86  7:01  Zealot x2  
  92  7:05  Pylon  
  92  7:13  Zealot x3  
  88  7:21  Zealot  
  88  7:22  Zealot x2  
  82  7:23  Immortal  
  82  7:30  Probe  
  81  7:37  Zealot x2  
  81  7:41  Zealot  
  81  7:47  Probe  
  81  7:50  Zealot x3  
  81  7:51  Zealot x4  
  92  8:02  Immortal  
  92  8:03  Templar Archives, Probe  
  92  8:04  Probe  
  92  8:05  Protoss Ground Weapons Level 2, Assimilator x2  
  90  8:17  Stalker x2  
  90  8:18  Stalker x2  
  90  8:19  Probe  
  99  8:24  Probe  
  99  8:25  Probe  
  101  8:32  Probe  
  102  8:36  Probe  
  103  8:41  Immortal  
  103  8:42  Assimilator  
  103  8:43  High Templar  
  103  8:45  Zealot x4  
  117  8:50  Probe x2  
  117  8:55  Zealot  
  117  9:02  Observer, Zealot x2  
  107  9:03  Psionic Storm  
  107  9:08  Zealot  
  107  9:09  Zealot x3  
  111  9:16  Probe  
  112  9:17  Pylon  
  112  9:19  Probe  
  112  9:20  High Templar x2  
  117  9:28  Pylon  
  117  9:29  Pylon  
  117  9:30  Pylon  
  117  9:35  Warp Prism  
  119  9:39  Zealot  
  119  9:40  Zealot x2  
  107  9:59  High Templar x2  
  105  10:00  Stalker  
  105  10:01  Stalker x5  
  105  10:03  Protoss Ground Armor Level 2  
  105  10:05  Pylon  
  117  10:16  Immortal, Nexus  
  121  10:22  Pylon  
  121  10:34  Probe  
  122  10:37  Robotics Bay  
  122  10:38  Pylon  
  122  10:40  Zealot  
  122  10:41  Zealot x4  
  132  10:44  Probe  
  133  10:51  Zealot  
  133  10:52  Probe  
  133  10:55  Probe  
  137  10:57  Probe  
  137  10:58  Pylon  
  138  11:07  Stalker x4  
  138  11:09  Robotics Facility  
  146  11:13  Immortal  
  147  11:18  Zealot  
  147  11:19  Zealot x2  
  147  11:25  High Templar, Probe  
  155  11:26  Probe  
  155  11:28  Probe  
  158  11:39  Stalker x2  
  162  11:40  Stalker x2  
  166  11:50  Zealot x2  
  160  12:08  Zealot x6  
  97  12:18  Zealot  
  97  12:19  Zealot  
Show
View Real Time Build Order
Export as new Build Order

lIIllllIIlll Terran - Winner!

Build Orders: Gas First Reaper Expand, Reaper Expand, MMM Bio 

Get SALT Encoding   

  12  0:00  SCV  
  13  0:13  SCV  
  14  0:17  Supply Depot  
  14  0:25  SCV  
  14  0:28  Refinery  
  15  0:38  SCV  
  16  0:44  Barracks  
  16  0:50  SCV  
  17  1:03  SCV  
  18  1:15  SCV  
  19  1:31  Orbital Command, Reaper  
  20  1:48  Command Center  
  20  1:59  Factory  
  20  2:02  SCV  
  20  2:05  Barracks Reactor  
  21  2:14  SCV  
  21  2:15  Supply Depot  
  22  2:22  Refinery  
  22  2:26  SCV  
  23  2:39  SCV  
  23  2:41  Marine  
  23  2:42  Marine  
  23  2:43  Widow Mine  
  28  2:51  Starport, SCV  
  29  3:01  Marine x2  
  29  3:03  SCV  
  29  3:04  Widow Mine  
  34  3:10  Orbital Command  
  34  3:15  SCV  
  35  3:22  Marine x2  
  35  3:25  Widow Mine  
  39  3:29  Viking  
  39  3:32  SCV  
  42  3:40  SCV  
  43  3:44  SCV  
  43  3:46  Supply Depot  
  43  3:48  Factory Tech Lab  
  43  3:52  SCV  
  43  3:55  Engineering Bay  
  44  3:57  SCV  
  44  3:58  Marine  
  46  4:07  Marine  
  46  4:08  Siege Tank  
  46  4:09  Supply Depot  
  50  4:10  SCV x2  
  52  4:17  Marine  
  52  4:22  SCV  
  54  4:24  Missile Turret  
  54  4:30  Barracks  
  54  4:31  SCV  
  55  4:33  Supply Depot  
  55  4:34  SCV  
  56  4:40  Barracks  
  56  4:48  Terran Infantry Weapons Level 1, SCV x2  
  58  4:57  Stimpack, Marauder  
  58  4:59  Bunker  
  58  5:00  Starport Tech Lab  
  58  5:03  SCV  
  58  5:04  SCV  
  60  5:09  Supply Depot  
  60  5:11  Refinery  
  60  5:17  SCV x2  
  64  5:21  Marauder  
  64  5:25  Supply Depot  
  64  5:26  Marine, Starport Reactor  
  64  5:27  Marine  
  66  5:28  Factory Reactor  
  66  5:29  SCV  
  66  5:30  SCV  
  66  5:33  Supply Depot  
  66  5:35  Combat Shields  
  66  5:41  Marauder, SCV  
  71  5:43  Marauder  
  71  5:44  Marine x2  
  71  5:48  SCV  
  72  5:52  Supply Depot  
  72  5:53  SCV  
  73  6:02  Medivac, Marine x2  
  73  6:03  Medivac  
  79  6:05  Marauder x2  
  79  6:06  Widow Mine x2  
  87  6:15  Supply Depot  
  87  6:16  Supply Depot  
  87  6:25  Command Center  
  87  6:27  Marine  
  87  6:28  Marauder x2  
  87  6:29  Marine  
  93  6:33  Medivac x2  
  93  6:38  Refinery  
  97  6:42  Widow Mine  
  97  6:43  Widow Mine, SCV x2  
  100  6:48  Marine x2  
  100  6:52  Terran Infantry Armor Level 1  
  100  6:54  Supply Depot  
  102  6:55  SCV x2  
  108  7:01  Marauder x2  
  108  7:05  Widow Mine  
  108  7:06  Widow Mine, Marine x2  
  106  7:20  SCV x2  
  105  7:23  Concussive Shells  
  105  7:25  Barracks  
  105  7:27  Barracks  
  98  7:30  Marauder x2, Marine x2  
  98  7:32  SCV  
  98  7:33  SCV  
  98  7:35  Widow Mine  
  98  7:36  Widow Mine  
  109  7:39  Orbital Command  
  107  7:49  SCV  
  107  7:50  SCV  
  104  7:51  Marauder  
  104  7:52  Marauder  
  104  7:55  Marine x2  
  104  7:58  Medivac x2  
  112  8:02  Widow Mine x2  
  118  8:10  SCV x2  
  118  8:12  Marine  
  117  8:13  Barracks Tech Lab, Marauder x2  
  117  8:15  Barracks Reactor  
  117  8:16  Marine  
  117  8:19  SCV  
  123  8:22  SCV  
  123  8:23  Armory  
  123  8:24  Engineering Bay  
  114  8:27  Refinery, Widow Mine x2  
  114  8:28  Refinery  
  114  8:32  Marauder  
  120  8:34  Marine x2, Marauder x2  
  120  8:36  SCV  
  120  8:37  SCV x2  
  129  8:41  Supply Depot  
  129  8:43  Supply Depot  
  129  8:49  Widow Mine x2, SCV x3  
  129  8:52  Marine x2  
  129  8:54  Marine x2  
  139  9:06  Marauder x3  
  137  9:10  Marine x2  
  137  9:12  Marine x2  
  137  9:14  Terran Infantry Armor Level 2, Terran Infantry Weapons Level 2  
  137  9:16  Ghost Academy  
  135  9:18  Supply Depot  
  135  9:19  Widow Mine x2  
  139  9:27  Marauder, Marine  
  139  9:28  Marauder x2, Marine  
  139  9:29  Marine x2  
  149  9:36  Supply Depot  
  149  9:37  Command Center  
  149  9:45  Widow Mine x2  
  151  9:48  Medivac x2  
  135  9:57  Ghost  
  135  9:58  Ghost, Marine x2  
  135  9:59  Marine x2  
  140  10:07  Ghost  
  140  10:11  SCV x3  
  140  10:13  Widow Mine  
  147  10:15  Widow Mine  
  147  10:16  Marine x3  
  147  10:17  Marine  
  153  10:22  Medivac  
  153  10:25  Medivac  
  157  10:29  Missile Turret  
  157  10:34  Ghost, SCV x3  
  162  10:38  Supply Depot, Marine  
  162  10:39  Marine  
  162  10:40  Marine  
  165  10:43  Supply Depot, Marine  
  165  10:47  Ghost  
  168  10:50  Ghost  
  168  10:56  Refinery  
  170  10:57  Refinery  
  170  11:03  Planetary Fortress  
  170  11:04  SCV x3  
  170  11:09  Viking  
  174  11:11  Viking  
  174  11:13  Marine  
  174  11:14  Marine x3  
  180  11:23  Ghost, Missile Turret x2  
  182  11:25  Ghost  
  182  11:26  Missile Turret  
  182  11:32  Ghost  
  186  11:33  Marine x3  
  186  11:34  Marine  
  186  11:39  Viking  
  191  11:41  Viking  
  192  11:54  Ghost x2  
  190  12:06  Marine  
  190  12:07  Marine x3  
  154  12:26  Barracks  
  165  12:27  Barracks  
Tags
 
Add a new tag
Caveats
  • Supply blocks, unpowered buildings, or Contaminate may cause inaccurate times.
  • Supply counts are checked every 10 seconds.